 Dungeon Crawl Stone Soup version 0.30-a0-469-g84de5afbc5 (webtiles) character file.

Game seed: 9050558407960989090

8669 themarg the Destroyer (level 11, 0/99 HPs)
             Began as a Purple Draconian Conjurer on Dec 20, 2022.
             Was a Believer of Ashenzari.
             Slain by a death yak (17 damage)
             ... on level 11 of the Dungeon.
             The game lasted 00:34:02 (14946 turns).

themarg the Destroyer (Purple Draconian Conjurer)  Turns: 14946, Time: 00:34:03

Health: 0/99       AC:  8    Str: 10    XL:     11   Next: 12%
Magic:  2/23       EV: 13    Int: 23    God:    Ashenzari [**....]
Gold:   704        SH:  0    Dex:  9    Spells: 15/26 levels left

rFire   . . .      SeeInvis +    y - +2 dire flail "I Foresaw This" {Comp, Range} (curse)
rCold   . . .      Faith    .    (shield currently unavailable)
rNeg    . . .      Spirit   .    (body armour unavailable)
rPois   .          Reflect  .    (helmet restricted)
rElec   .          Harm     .    (no cloak)
rCorr   .          Rampage  .    (no gloves)
Will    +....                    l - +0 pair of boots "Bound Omen" {Self, Elem} (curse)
Stlth   ++........               (no amulet)
HPRegen 0.36/turn                (no ring)
MPRegen 0.18/turn                (no ring)

@: mighty, about to teleport, short of breath
A: breathe power, AC +7, unfitting armour, cold-blooded
a: Breathe Dispelling Energy, Renounce Religion, Curse Item, Shatter the Chains


You were on level 11 of the Dungeon.
You worshipped Ashenzari.
Ashenzari was pleased with you.
You visited 2 branches of the dungeon, and saw 12 of its levels.

You collected 704 gold pieces.

Inventory:

Hand Weapons
 y - the cursed +2 dire flail "I Foresaw This" (weapon) {Comp, Range}
   (You took it off a wight on level 5 of the Dungeon)

   It has a curse which improves the following skills: Companions: Summonings
   and Necromancy.
   Ranged Combat: Ranged Weapons and Throwing.
Missiles
 e - 33 poisoned darts
 g - 96 stones
 r - 9 boomerangs
 A - a curare-tipped dart
 D - 2 javelins
 F - 2 atropa-tipped darts
Armour
 l - the cursed +0 pair of boots "Bound Omen" (worn) {Self, Elem}
   (You found it on level 2 of the Dungeon)

   It has a curse which improves the following skills: Introspection: Fighting
   and Spellcasting.
   Elements:  Fire Magic, Ice Magic, Air Magic and Earth Magic.
Jewellery
 f - a ring of fire
 s - a ring of fire
Wands
 w - a wand of mindburst (26)
 H - a wand of flame (5)
 I - a wand of polymorph (2)
Scrolls
 b - 4 scrolls of poison
 c - 4 scrolls of immolation
 h - 2 scrolls of teleportation
 j - 3 scrolls of magic mapping
 o - 4 scrolls of vulnerability
 p - a scroll of enchant weapon
 q - a scroll of noise
 t - a scroll of brand weapon
 v - 6 scrolls of fog
 z - a scroll of blinking
Potions
 a - 2 potions of magic
 d - 6 potions of curing
 i - a potion of heal wounds
 k - 3 potions of brilliance
 m - a potion of might
 n - 3 potions of degeneration
 x - 5 potions of lignification
 B - a potion of mutation
 C - a potion of flight
 E - a potion of invisibility
 G - a potion of berserk rage


   Skills:
 - Level 8.7(10.0) Fighting
 - Level 5.0 Dodging
 - Level 3.0 Stealth
 - Level 6.9(8.2) Spellcasting
 + Level 11.9 Conjurations
 - Level 3.0 Hexes
 - Level 3.0 Translocations
 - Level 5.0 Transmutations


You had 15 spell levels left.
You knew the following spells:

 Your Spells              Type           Power      Damage    Failure   Level
a - Magic Dart            Conj           100%       1d8       1%          1
b - Searing Ray           Conj           100%       2d8       1%          2
c - Fulminant Prism       Conj/Hex       21%        3d12      3%          4
d - Iskenderun's Mystic   Conj/Tloc      43%        2d10      3%          4

Your spell library contained the following spells:

 Spells                   Type           Power      Damage    Failure   Level
 Kiss of Death            Conj/Necr      100%       2d13      1%          1
 Shock                    Conj/Air       100%       1d9       1%          1
 Dazzling Flash           Conj/Hex       86%        N/A       1%          3
 Necrotise                Necr           40%        1d6       6%          1
 Confusing Touch          Hex            23%        N/A       6%          3
 Irradiate                Conj/Tmut      24%        3d19      6%          5
 Swiftness                Air            10%        N/A       19%         3
 Vampiric Draining        Necr           10%        2d6       19%         3
 Blade Hands              Tmut           16%        N/A       24%         5
 Airstrike                Air            5%         2d(1-17)  54%         4
 Dispel Undead            Necr           10%        3d9       54%         4
 Agony                    Necr           10%        N/A       87%         5
 Dragon Form              Tmut           16%        N/A       100%        7


Dungeon Overview and Level Annotations

Branches:
Dungeon (11/15)            Temple (1/1) D:7            Lair (0/5) D:11
    Orc: D:9-12

Altars:
Ashenzari
Cheibriados
Dithmenos
Elyvilon
Fedhas
Gozag
Hepliaklqana
Kikubaaqudgha
Makhleb
Nemelex Xobeh
Okawaru
Qazlal
Ru
Sif Muna
Trog
Uskayaw
Vehumet
Wu Jian
Xom
Yredelemnul
Zin
The Shining One

Shops:
D:10 :

Annotations:
D:11 Fannar


Innate Abilities, Weirdness & Mutations

You can breathe bolts of dispelling energy.
Your rich purple scales are hard. (AC +7)
You cannot fit into any form of body armour.
You are cold-blooded and may be slowed by cold attacks.


Message History

The mystic blast hits the death yak!
The death yak is almost dead.
The death yak is knocked back by the mystic blast.
The death yak collides with the death yak!
The death yak is heavily wounded.
You hear a bellow! x2
You hit the death yak.
Your tail-slap misses the death yak.
The death yak is almost dead.
The death yak barely misses you.
You hit the death yak but do no damage.
The death yak is almost dead.
The death yak gores you!
You hear a bellow!
You feel very mighty all of a sudden. The death yak closely misses you.
You bludgeon the death yak!!
You kill the death yak!
The death yak gores you.
You hit the death yak. You tail-slap the death yak.
The death yak is lightly wounded.
The death yak gores you!
You hear a bellow!
You hit the death yak.
Your tail-slap misses the death yak.
The death yak is lightly wounded.
The death yak closely misses you.
You sock the death yak! You tail-slap the death yak!
The death yak is heavily wounded.
The death yak gores you but does no damage.
You barely miss the death yak. You tail-slap the death yak.
The death yak is heavily wounded.
The death yak gores you!
* * * LOW HITPOINT WARNING * * *
The death yak gores you!
* * * LOW HITPOINT WARNING * * *
You hear a bellow!
You feel much better. The death yak gores you!
* * * LOW HITPOINT WARNING * * *
As you read the scroll of teleportation, it crumbles to dust.
You feel strangely unstable. The death yak gores you!
You die...

# ##'## ##.## *.# #.#
#.# # #.# #.# #.# ##
*#.#####.#######.#
.###.# #....Y....##.#
#...# ##......##.##.#
##.####*.#....{YYl..#
#...Y...##..###Y####
######......# #@#
##K##.####.#
#.........#
####.###### #.# #.#
### #.# ### ..# #.#
##.## #.#
######.#########.#.##


You could see 3 death yaks and a komodo dragon.

Vanquished Creatures
  A death yak (D:11)
  A gargoyle (D:10)
  2 trolls
  2 hornets
  A wyvern (D:9)
  Eustachio (D:5)
  8 yaks
  A basilisk (D:11)
  A steam dragon (D:6)
  2 vampire mosquitoes (D:11)
  4 water moccasins
  An acid dragon (D:9)
  3 orc warriors
  2 black bears
  2 ogres
  A boggart (D:11)
  4 centaurs
  2 phantoms
  2 kobold brigands
  3 bullfrogs
  3 gnoll sergeants
  2 necrophages
  4 scorpions
  5 wights (D:5)
  13 killer bees
  6 howler monkeys
  3 electric eels (D:11)
  2 hounds
  A jelly (D:5)
  11 orc priests
  6 iguanas
  Ijyb (D:4)
  12 orc wizards
  12 gnolls
  10 adders
  A white imp (D:6)
  An ufetubus (D:5)
  A worm (D:4)
  4 dart slugs
  43 orcs
  5 bats
  11 endoplasms
  3 giant cockroaches
  5 goblins
  7 hobgoblins
  4 jackals (D:1)
  23 kobolds
  5 quokkas
  8 ball pythons
  4 frilled lizards
  4 rats
264 creatures vanquished.

Vanquished Creatures (others)
  An orc wizard (D:9)
  A demonic plant (D:1)
  19 fulminant prisms
21 creatures vanquished.

Grand Total: 285 creatures vanquished

Notes
Turn   | Place    | Note
-------+----------+-------------------------------------------
     0 | D:1      | themarg the Draconian Conjurer began the quest for the Orb.
     0 | D:1      | Reached XP level 1. HP: 14/14 MP: 3/3
     2 | D:1      | Noticed a demigod
     2 | D:1      | Noticed a felid
     4 | D:1      | Noticed a demonspawn
     4 | D:1      | Noticed a draconian
     6 | D:1      | Noticed a vampire
     8 | D:1      | Noticed a ghoul
     8 | D:1      | Noticed a gargoyle
    10 | D:1      | Noticed a spriggan
    10 | D:1      | Noticed a naga
    13 | D:1      | Noticed an elf
    13 | D:1      | Noticed a tengu
    15 | D:1      | Noticed a troll
    15 | D:1      | Noticed a meteoran
    17 | D:1      | Noticed a vine stalker
    17 | D:1      | Noticed an armataur
    19 | D:1      | Noticed a minotaur
    19 | D:1      | Noticed an ogre
    21 | D:1      | Noticed a formicid
    21 | D:1      | Noticed an octopode
    25 | D:1      | Noticed a human
    25 | D:1      | Noticed an octopode
    27 | D:1      | Noticed a draconian
    27 | D:1      | Noticed a meteoran
   263 | D:1      | Found a faded altar of an unknown god.
   425 | D:1      | Reached XP level 2. HP: 20/20 MP: 0/5
   428 | D:1      | Learned a level 2 spell: Searing Ray
   881 | D:1      | Reached XP level 3. HP: 26/26 MP: 2/6
  2053 | D:2      | Reached XP level 4. HP: 33/33 MP: 4/8
  3021 | D:3      | Reached skill level 5 in Conjurations
  3021 | D:3      | Reached XP level 5. HP: 36/38 MP: 1/10
  3116 | D:3      | Identified the +1 leather armour of Awe {rPois Will++ Int+3
                  | Slay-4}
  3301 | D:3      | Found a basalt altar of Yredelemnul.
  4110 | D:4      | Noticed an ogre
  4120 | D:4      | Killed an ogre
  4187 | D:4      | Reached XP level 6. HP: 45/45 MP: 3/12
  4466 | D:4      | Reached skill level 6 in Conjurations
  4718 | D:4      | Noticed Ijyb
  4814 | D:4      | Killed Ijyb
  4815 | D:4      | Your scales start taking on a rich purple colour.
  4815 | D:4      | Reached skill level 5 in Spellcasting
  4815 | D:4      | Reached XP level 7. HP: 39/50 MP: 2/15
  5276 | D:5      | Entered Level 5 of the Dungeon
  5284 | D:5      | Reached skill level 1 in Hexes
  5659 | D:5      | Reached skill level 7 in Conjurations
  5942 | D:5      | Reached XP level 8. HP: 57/57 MP: 5/16
  5946 | D:5      | Reached skill level 8 in Conjurations
  6127 | D:5      | Noticed Eustachio
  6403 | D:5      | Reached skill level 9 in Conjurations
  6514 | D:5      | Killed Eustachio
  6608 | D:6      | Found a shimmering altar of Xom.
  6609 | D:6      | Found a hide-covered altar of Uskayaw.
  6611 | D:6      | Found a shimmering blue altar of Sif Muna.
  6613 | D:6      | Found a glowing golden altar of the Shining One.
  6770 | D:6      | Reached skill level 10 in Conjurations
  6770 | D:6      | Reached skill level 1 in Fighting
  6775 | D:6      | Learned a level 4 spell: Fulminant Prism
  6780 | D:6      | Learned a level 4 spell: Iskenderun's Mystic Blast
  6826 | D:6      | Reached skill level 1 in Translocations
  7171 | D:6      | Reached skill level 1 in Transmutations
  7263 | D:6      | Reached XP level 9. HP: 53/68 MP: 2/17
  7629 | D:6      | Found a shadowy altar of Dithmenos.
  8251 | D:6      | Found an opulent altar of Gozag.
  8662 | D:7      | Found a staircase to the Ecumenical Temple.
  8670 | Temple   | Entered the Ecumenical Temple
  8883 | Temple   | Became a worshipper of Ashenzari the Shackled
  9612 | D:8      | Reached skill level 5 in Fighting
 10199 | D:8      | Found a burning altar of Makhleb.
 10335 | D:8      | Reached * piety under Ashenzari
 10335 | D:8      | Reached ** piety under Ashenzari
 11192 | D:9      | Reached XP level 10. HP: 59/86 MP: 14/22
 12433 | D:10     | Entered Level 10 of the Dungeon
 12484 | D:10     | Noticed a gargoyle
 12834 | D:10     | Found a hazy altar of Hepliaklqana.
 13120 | D:10     | Killed a gargoyle
 13121 | D:10     | Reached skill level 5 in Dodging
 13121 | D:10     | Reached skill level 5 in Transmutations
 13245 | D:10     | Found Xunai's Self-Improvement Boutique.
 13264 | D:10     | Reached skill level 11 in Conjurations
 13931 | D:11     | Noticed a boulder beetle
 14258 | D:11     | Noticed a death yak
 14259 | D:11     | Noticed a death yak
 14259 | D:11     | Noticed a death yak
 14260 | D:11     | Found a staircase to the Lair.
 14260 | D:11     | Noticed a death yak
 14260 | D:11     | Noticed a death yak
 14260 | D:11     | Noticed a death yak
 14262 | D:11     | Noticed a death yak
 14265 | D:11     | Noticed a death yak
 14267 | D:11     | Noticed Fannar
 14600 | D:11     | Reached XP level 11. HP: 97/99 MP: 18/23
 14940 | D:11     | Killed a death yak
 14946 | D:11     | Slain by a death yak

Illustrated notes

Levels and vault maps discovered:
D:1:      kb_arrival_jail, layout_basic, shapermc_ecumenical_altar_gd
D:2:      layout_basic
D:3:      layout_basic, old_standard_altar
D:4:      layout_loops_cross, uniq_ijyb
D:5:      layout_basic, minmay_misc_feat_rugged, minmay_misc_feat_x,
          uniq_eustachio
D:6:      layout_gridville, mainiacjoe_overflow_alcove_2,
          nicolae_overflow_hidden_temple,
          chequers_temple_overflow_statue_of_worship
D:7:      layout_basic, minmay_temple_entry_ruins
D:8:      layout_loops_corners, lightli_temple_of_fire,
          chequers_hall_statues_corner_a
D:9:      layout_gridville
D:10:     layout_basic, lemuel_round_altar, nicolae_wwwww,
          nicolae_shop_self_help
D:11:     kennysheep_big_flooded_room, layout_loops_corners, dpeg_lair_monsters,
          minmay_tree_intersection, grunt_decor_one_mirror, uniq_fannar
Temple:   nicolae_temple_figure_eight

Skill      XL: |  1  2  3  4  5  6  7  8  9 10 |
---------------+-------------------------------+-----
Stealth        | 2 3 |  3.0
Spellcasting   | 3 4 5 6 |  6.9
Conjurations   | 5 6 7 10 11 | 11.9
Hexes          | 3 |  3.0
Fighting       | 2 6 8 |  8.7
Translocations | 2 3 |  3.0
Transmutations | 1 3 5 |  5.0
Dodging        | 3 5 |  5.0

Action                   |  1- 3 |  4- 6 |  7- 9 | 10-12 || total
-------------------------+-------+-------+-------+-------++-------
Melee: Unarmed           |     1 |       |       |       ||     1
       Dagger            |    51 |    33 |     4 |       ||    88
       Tailslap          |     9 |     4 |     3 |     6 ||    22
       Punch             |     1 |       |       |       ||     1
       Dire flail        |       |       |     9 |    36 ||    45
Throw: Dart              |       |     7 |       |       ||     7
 Cast: Magic Dart        |    61 |    16 |    23 |     1 ||   101
       Searing Ray       |     6 |    39 |    81 |    37 ||   163
       Fulminant Prism   |       |       |     7 |    12 ||    19
       Iskenderun's Myst |       |       |     6 |    38 ||    44
Invok: Curse Item        |       |       |     2 |       ||     2
 Abil: Breathe Dispellin |       |       |     2 |     6 ||     8
  Use: Scroll            |       |     6 |     4 |     1 ||    11
       Potion            |       |     1 |     1 |     6 ||     8
Armor: Skin              |    27 |    31 |    29 |    27 ||   114
Dodge: Dodged            |    37 |    56 |    54 |   103 ||   250

Table legend: (Time is in decaauts)
 A = Elapsed time spent in this place.
 B = Non-inter-level travel time spent in this place.
 C = Inter-level travel time spent in this place.
 D = Time resting spent in this place.
 E = Time spent auto-exploring this place.
 F = Levels seen in this place.
 G = Mean time per level.
                   A        B        C        D        E       F      G
               +--------+--------+--------+--------+--------+-----+--------+
         Total |  14932 |  14411 |    521 |   2724 |   9933 |  12 | 1244.3 |
       Dungeon |  14690 |  14196 |    494 |   2724 |   9729 |  11 | 1335.5 |
        Temple |    241 |    214 |     27 |      0 |    204 |   1 |  241.0 |
               +--------+--------+--------+--------+--------+-----+--------+

Top non-repeatable levels by time:
     D:6: 1877 daAuts
     D:9: 1654 daAuts
     D:4: 1566 daAuts
     D:8: 1450 daAuts
     D:2: 1365 daAuts
     D:3: 1313 daAuts
     D:5: 1262 daAuts
    D:10: 1201 daAuts
     D:1: 1197 daAuts
    D:11: 1043 daAuts
     D:7: 756 daAuts
  Temple: 241 daAuts
